[ PARTIDA AOE2 · #495994244 ]
UnrankedHunos vs Incas
Equipo del jugador · VICT
Equipo rival · DERR
[ ANÁLISIS DE REPETICIÓN · EXTRAÍDO DE LA PARTIDA GRABADA ]
Feudal
10:56
Castillos
14:28
Imperial
28:19
| APM promedio | 44.9 |
| APM pico | 113 |
| eAPM promedio | 26.0 |
| Aldeanos / militares | 148 / 134 |
Foco
⚔️ 37.5% · 🌾 62.5%
Tarkan ×66 · Cavalry Archer ×56 · Monk ×4 · Mangonel ×4 · Scout Cavalry ×2 · Trebuchet (Packed) ×2
Feudal
11:01
Castillos
14:31
Imperial
26:34
| APM promedio | 49.5 |
| APM pico | 106 |
| eAPM promedio | 25.4 |
| Aldeanos / militares | 122 / 120 |
Foco
⚔️ 25.5% · 🌾 74.5%
Archer ×61 · Kamayuk ×42 · Petard ×7 · Spearman ×6 · Unknown (2550) ×3 · Trebuchet (Packed) ×3
Mapa de la partida
Recursos iniciales + cada clic de construcción. Líneas = muros · curvas = relieve. ◆ oro · ⬟ piedra · ● bayas · ✦ reliquia · ◌ hueco del cierre
Tu base· ✓ Cerrada en 14:28 · 0t muro · 3 puerta(s)
Base de RiseoftheRuben· ✓ Cerrada en 14:31 · 5t muro · 5 puerta(s)
Terreno inicial suavizado · ◌ = hueco del cierre detectado · pasá el cursor para detalles
Inputs por minuto
— Ferman - - RiseoftheRuben
Build order — Ferman
Primeras 150 de 445 acciones detectadas
| 0:01 | Crear | Villager (Male) |
| 0:01 | Crear | Villager (Male) |
| 0:12 | Crear | Villager (Male) |
| 0:13 | Crear | Villager (Male) |
| 1:28 | Crear | Villager (Male) |
| 1:29 | Crear | Villager (Male) |
| 1:55 | Construir | Lumber Camp |
| 1:56 | Crear | Villager (Male) |
| 1:56 | Crear | Villager (Male) |
| 2:19 | Crear | Villager (Male) |
| 2:19 | Crear | Villager (Male) |
| 2:46 | Crear | Villager (Male) |
| 2:46 | Crear | Villager (Male) |
| 3:10 | Crear | Villager (Male) |
| 3:11 | Crear | Villager (Male) |
| 3:32 | Crear | Villager (Male) |
| 3:54 | Crear | Villager (Male) |
| 3:54 | Crear | Villager (Male) |
| 4:20 | Construir | Mill |
| 4:25 | Crear | Villager (Male) |
| 4:26 | Crear | Villager (Male) |
| 4:31 | Crear | Villager (Male) |
| 4:31 | Crear | Villager (Male) |
| 5:09 | Crear | Villager (Male) |
| 5:14 | Crear | Villager (Male) |
| 5:19 | Crear | Villager (Male) |
| 5:50 | Crear | Villager (Male) |
| 5:50 | Crear | Villager (Male) |
| 6:36 | Construir | Mill |
| 7:03 | Crear | Villager (Male) |
| 7:29 | Crear | Villager (Male) |
| 8:10 | Crear | Villager (Male) |
| 8:43 | Construir | Mining Camp |
| 8:46 | Investigar | Feudal Age |
| 8:59 | Construir | Barracks |
| 10:56 | Edad | Edad Feudal |
| 10:57 | Crear | Villager (Male) |
| 10:59 | Construir | Market |
| 11:01 | Construir | Stable |
| 11:05 | Construir | Stable |
| 11:23 | Crear | Villager (Male) |
| 11:42 | Investigar | Double-Bit Axe |
| 11:48 | Investigar | Castle Age |
| 11:48 | Investigar | Castle Age |
| 11:48 | Investigar | Castle Age |
| 12:26 | Construir | Farm |
| 12:27 | Construir | Farm |
| 12:27 | Construir | Farm |
| 12:32 | Construir | Farm |
| 12:33 | Construir | Farm |
| 12:41 | Investigar | Horse Collar |
| 13:24 | Crear | Scout Cavalry |
| 13:26 | Crear | Villager (Male) |
| 13:55 | Crear | Scout Cavalry |
| 14:27 | Crear | Villager (Male) |
| 14:28 | Edad | Edad de los Castillos |
| 14:30 | Construir | Monastery |
| 14:47 | Crear | Villager (Male) |
| 14:50 | Construir | Town Center |
| 15:02 | Construir | Farm |
| 15:02 | Crear | Villager (Male) |
| 15:11 | Crear | Monk |
| 15:33 | Crear | Villager (Male) |
| 15:43 | Construir | Town Center |
| 16:00 | Crear | Villager (Male) |
| 16:05 | Investigar | Bow Saw |
| 16:05 | Investigar | Bow Saw |
| 16:05 | Investigar | Bow Saw |
| 16:15 | Crear | Villager (Male) |
| 16:15 | Crear | Villager (Male) |
| 16:23 | Crear | Villager (Male) |
| 16:28 | Construir | Farm |
| 16:34 | Construir | Farm |
| 16:40 | Construir | Farm |
| 16:48 | Crear | Villager (Male) |
| 16:49 | Crear | Villager (Male) |
| 16:51 | Construir | Farm |
| 16:58 | Construir | Farm |
| 17:11 | Construir | Farm |
| 17:17 | Crear | Villager (Male) |
| 17:17 | Crear | Villager (Male) |
| 17:19 | Construir | Farm |
| 17:24 | Construir | Farm |
| 17:27 | Crear | Villager (Male) |
| 17:35 | Construir | Farm |
| 17:39 | Construir | Farm |
| 17:43 | Crear | Villager (Male) |
| 17:44 | Construir | Farm |
| 17:53 | Construir | Farm |
| 17:53 | Crear | Villager (Male) |
| 17:53 | Crear | Villager (Male) |
| 17:58 | Crear | Monk |
| 17:58 | Crear | Monk |
| 18:08 | Crear | Villager (Male) |
| 18:09 | Crear | Villager (Male) |
| 18:12 | Construir | Farm |
| 18:13 | Construir | Farm |
| 18:15 | Crear | Villager (Male) |
| 18:15 | Crear | Villager (Male) |
| 18:28 | Crear | Villager (Male) |
| 18:36 | Crear | Villager (Male) |
| 18:37 | Crear | Villager (Male) |
| 18:43 | Investigar | Loom |
| 18:43 | Crear | Villager (Male) |
| 18:47 | Construir | Farm |
| 18:47 | Construir | Farm |
| 18:47 | Construir | Farm |
| 18:47 | Construir | Farm |
| 18:51 | Crear | Villager (Male) |
| 18:51 | Crear | Villager (Male) |
| 18:57 | Crear | Villager (Male) |
| 18:58 | Crear | Villager (Male) |
| 19:03 | Crear | Villager (Male) |
| 19:03 | Crear | Villager (Male) |
| 19:05 | Construir | Farm |
| 19:06 | Construir | Farm |
| 19:06 | Construir | Farm |
| 19:14 | Crear | Villager (Male) |
| 19:22 | Crear | Villager (Male) |
| 19:27 | Crear | Villager (Male) |
| 19:42 | Crear | Villager (Male) |
| 19:44 | Construir | Blacksmith |
| 19:51 | Investigar | Wheelbarrow |
| 19:51 | Investigar | Wheelbarrow |
| 20:04 | Construir | Palisade Wall |
| 20:09 | Crear | Villager (Male) |
| 20:10 | Crear | Villager (Male) |
| 20:10 | Crear | Villager (Male) |
| 20:14 | Crear | Villager (Male) |
| 20:14 | Crear | Villager (Male) |
| 20:16 | Construir | Siege Workshop |
| 20:19 | Crear | Villager (Male) |
| 20:19 | Crear | Villager (Male) |
| 20:33 | Crear | Villager (Male) |
| 20:34 | Crear | Villager (Male) |
| 20:39 | Crear | Villager (Male) |
| 20:39 | Crear | Villager (Male) |
| 20:42 | Crear | Villager (Male) |
| 20:46 | Construir | Mining Camp |
| 20:46 | Crear | Villager (Male) |
| 20:47 | Crear | Villager (Male) |
| 21:02 | Crear | Mangonel |
| 21:02 | Crear | Mangonel |
| 21:09 | Crear | Villager (Male) |
| 21:09 | Crear | Villager (Male) |
| 21:10 | Crear | Villager (Male) |
| 21:10 | Crear | Villager (Male) |
| 21:18 | Crear | Villager (Male) |
| 21:18 | Crear | Villager (Male) |
| 21:28 | Crear | Villager (Male) |
Build order — RiseoftheRuben
Primeras 150 de 374 acciones detectadas
| 0:02 | Crear | Villager (Male) |
| 0:02 | Crear | Villager (Male) |
| 0:04 | Construir | House |
| 0:16 | Crear | Villager (Male) |
| 0:16 | Crear | Villager (Male) |
| 1:09 | Crear | Villager (Male) |
| 1:09 | Crear | Villager (Male) |
| 1:50 | Crear | Villager (Male) |
| 1:50 | Crear | Villager (Male) |
| 1:52 | Construir | Settlement |
| 2:15 | Crear | Villager (Male) |
| 2:15 | Crear | Villager (Male) |
| 2:37 | Crear | Villager (Male) |
| 2:37 | Crear | Villager (Male) |
| 3:13 | Crear | Villager (Male) |
| 3:13 | Crear | Villager (Male) |
| 3:31 | Crear | Villager (Male) |
| 3:31 | Crear | Villager (Male) |
| 3:40 | Construir | Palisade Gate |
| 3:42 | Construir | Palisade Gate |
| 3:47 | Construir | Palisade Wall |
| 3:47 | Crear | Villager (Male) |
| 3:48 | Crear | Villager (Male) |
| 3:57 | Construir | Palisade Gate |
| 4:11 | Construir | Palisade Gate |
| 4:21 | Construir | Palisade Gate |
| 4:28 | Crear | Villager (Male) |
| 4:29 | Crear | Villager (Male) |
| 4:59 | Crear | Villager (Male) |
| 5:21 | Crear | Villager (Male) |
| 5:44 | Crear | Villager (Male) |
| 6:04 | Crear | Villager (Male) |
| 6:34 | Crear | Villager (Male) |
| 6:50 | Crear | Villager (Male) |
| 7:17 | Construir | Settlement |
| 7:21 | Crear | Villager (Male) |
| 7:52 | Construir | Palisade Wall |
| 7:53 | Construir | Palisade Wall |
| 7:54 | Construir | Palisade Wall |
| 7:54 | Construir | Palisade Wall |
| 7:55 | Crear | Villager (Male) |
| 8:26 | Crear | Villager (Male) |
| 8:31 | Investigar | Feudal Age |
| 9:35 | Construir | Farm |
| 9:37 | Construir | Farm |
| 10:08 | Crear | Villager (Male) |
| 10:08 | Crear | Villager (Male) |
| 11:01 | Edad | Edad Feudal |
| 11:03 | Construir | Market |
| 11:05 | Construir | Blacksmith |
| 11:51 | Investigar | Castle Age |
| 11:51 | Investigar | Castle Age |
| 12:07 | Investigar | Double-Bit Axe |
| 12:07 | Investigar | Double-Bit Axe |
| 12:13 | Investigar | Horse Collar |
| 12:26 | Construir | Farm |
| 12:37 | Construir | Farm |
| 12:39 | Construir | Farm |
| 13:01 | Construir | House |
| 13:58 | Construir | Farm |
| 14:00 | Construir | Farm |
| 14:18 | Construir | House |
| 14:27 | Crear | Villager (Male) |
| 14:27 | Crear | Villager (Male) |
| 14:31 | Edad | Edad de los Castillos |
| 14:34 | Investigar | Loom |
| 14:46 | Construir | Town Center |
| 14:51 | Construir | Town Center |
| 15:27 | Crear | Villager (Male) |
| 15:27 | Crear | Villager (Male) |
| 15:32 | Investigar | Bow Saw |
| 15:57 | Construir | Farm |
| 15:59 | Construir | Farm |
| 16:04 | Crear | Villager (Male) |
| 16:04 | Crear | Villager (Male) |
| 16:04 | Crear | Villager (Male) |
| 16:10 | Investigar | Wheelbarrow |
| 16:19 | Construir | Farm |
| 16:20 | Construir | Farm |
| 16:21 | Crear | Villager (Male) |
| 16:21 | Crear | Villager (Male) |
| 16:35 | Construir | Farm |
| 16:36 | Crear | Villager (Male) |
| 16:36 | Crear | Villager (Male) |
| 16:49 | Construir | Farm |
| 16:53 | Construir | Farm |
| 16:56 | Crear | Villager (Male) |
| 16:56 | Crear | Villager (Male) |
| 17:04 | Crear | Villager (Male) |
| 17:05 | Crear | Villager (Male) |
| 17:19 | Construir | Farm |
| 17:20 | Construir | Farm |
| 17:24 | Construir | Farm |
| 17:28 | Crear | Villager (Male) |
| 17:29 | Crear | Villager (Male) |
| 17:46 | Crear | Villager (Male) |
| 17:46 | Crear | Villager (Male) |
| 17:53 | Construir | Farm |
| 17:55 | Construir | Farm |
| 18:01 | Construir | Farm |
| 18:10 | Crear | Villager (Male) |
| 18:11 | Crear | Villager (Male) |
| 18:16 | Construir | Farm |
| 18:20 | Construir | Farm |
| 18:31 | Investigar | Heavy Plow |
| 18:41 | Crear | Villager (Male) |
| 18:45 | Construir | Farm |
| 18:46 | Construir | Farm |
| 18:52 | Crear | Villager (Male) |
| 18:54 | Construir | Farm |
| 18:56 | Crear | Villager (Male) |
| 19:12 | Crear | Villager (Male) |
| 19:12 | Crear | Villager (Male) |
| 19:13 | Crear | Villager (Male) |
| 19:23 | Construir | Farm |
| 19:26 | Construir | Farm |
| 19:28 | Crear | Villager (Male) |
| 19:33 | Crear | Villager (Male) |
| 19:35 | Construir | Farm |
| 19:37 | Construir | Farm |
| 19:43 | Construir | Farm |
| 19:44 | Crear | Villager (Male) |
| 19:44 | Crear | Villager (Male) |
| 20:02 | Crear | Villager (Male) |
| 20:09 | Construir | Barracks |
| 20:11 | Crear | Villager (Male) |
| 20:19 | Investigar | Gold Mining |
| 20:19 | Investigar | Gold Mining |
| 20:25 | Crear | Villager (Male) |
| 20:26 | Crear | Villager (Male) |
| 20:31 | Construir | House |
| 20:32 | Construir | House |
| 20:37 | Crear | Villager (Male) |
| 20:37 | Crear | Villager (Male) |
| 20:37 | Crear | Villager (Male) |
| 20:38 | Crear | Villager (Male) |
| 20:54 | Crear | Villager (Male) |
| 20:55 | Crear | Villager (Male) |
| 21:04 | Construir | University |
| 21:07 | Crear | Spearman |
| 21:09 | Crear | Villager (Male) |
| 21:10 | Crear | Villager (Male) |
| 21:22 | Construir | Outpost |
| 21:41 | Construir | Farm |
| 21:43 | Crear | Villager (Male) |
| 21:45 | Crear | Spearman |
| 21:51 | Crear | Villager (Male) |
| 21:51 | Crear | Villager (Male) |
| 21:55 | Construir | Archery Range |
| 22:02 | Crear | Spearman |
Cronología de la partida
| 3:47 | RiseoftheRuben · wall_segment Palisade Wall x1 |
| 7:52 | RiseoftheRuben · wall_segment Palisade Wall x1 |
| 7:53 | RiseoftheRuben · wall_segment Palisade Wall x1 |
| 7:54 | RiseoftheRuben · wall_segment Palisade Wall x1 |
| 7:54 | RiseoftheRuben · wall_segment Palisade Wall x1 |
| 8:59 | Ferman · first_building Barracks |
| 10:56 | Ferman · age_up feudal |
| 11:01 | RiseoftheRuben · age_up feudal |
| 11:01 | Ferman · first_building Stable |
| 14:28 | Ferman · age_up castle |
| 14:30 | Ferman · first_building Monastery |
| 14:31 | RiseoftheRuben · age_up castle |
| 16:04 | Ferman · first_market_buy 100 food |
| 20:04 | Ferman · wall_segment Palisade Wall x1 |
| 20:09 | RiseoftheRuben · first_building Barracks |
| 20:16 | Ferman · first_building Siege Workshop |
| 21:55 | RiseoftheRuben · first_building Archery Range |
| 22:15 | RiseoftheRuben · first_building Siege Workshop |
| 22:50 | Ferman · wall_segment Palisade Wall x1 |
| 22:51 | Ferman · wall_segment Palisade Wall x1 |
| 22:53 | Ferman · wall_segment Palisade Wall x1 |
| 25:01 | RiseoftheRuben · first_building Castle |
| 25:26 | Ferman · first_building Castle |
| 25:54 | Ferman · wall_segment Palisade Wall x1 |
| 26:23 | Ferman · first_building Archery Range |
| 26:34 | RiseoftheRuben · age_up imperial |
| 28:19 | Ferman · age_up imperial |
| 29:37 | Ferman · first_market_sell 100 stone |
| 33:14 | RiseoftheRuben · wall_segment Stone Wall x1 |
| 38:19 | RiseoftheRuben · resign |
[ ANÁLISIS IA · 1 CRÉDITO ]
¿Qué pasó realmente en esta partida?
Wolo.gg analiza cada decisión: build order, eco, micro, errores típicos por bracket. Análisis personalizado por WhatsApp o Discord en 30 segundos.
Guía civ
Hunos
Perfil
Ferman